 Dungeon Crawl Stone Soup version 0.28.0-53-g5a82cb258f (webtiles) character file.

Game seed: 12873188855171348487

28 Sin92 the Magician (level 3, 0/25 HPs)
             Began as a Demonspawn Hedge Wizard on July 9, 2022.
             Slain by an adder (4 damage)
             ... on level 2 of the Dungeon.
             The game lasted 00:01:47 (1656 turns).

Sin92 the Magician (Demonspawn Hedge Wizard)        Turns: 1656, Time: 00:01:48

Health: 0/25       AC:  2    Str: 10    XL:     3   Next: 0%
Magic:  3/7        EV: 12    Int: 15    God:
Gold:   30         SH:  4    Dex: 14    Spells: 7/8 levels left

rFire   . . .      SeeInvis .   a - +0 dagger
rCold   . . .      Faith    .   (no shield)
rNeg    . . .      Spirit   .   b - +0 robe
rPois   .          Reflect  .   c - +0 hat
rElec   .          Harm     .   (no cloak)
rCorr   .          Rampage  .   (no gloves)
Will    .....                   (no boots)
Stlth   ++........              (no amulet)
HPRegen 0.08/turn               (no ring)
MPRegen 0.10/turn               (no ring)

@: lethally poisoned (0 -> -4)
A: condensation shield
a: no special abilities


You were on level 2 of the Dungeon.
You visited 1 branch of the dungeon, and saw 2 of its levels.

You collected 30 gold pieces.

Inventory:

Hand Weapons
 a - a +0 dagger (weapon)
Armour
 b - a +0 robe (worn)
 c - a +0 hat (worn)
Scrolls
 d - a scroll of identify
 e - 2 scrolls of amnesia


   Skills:
 + Level 0.6 Fighting
 + Level 0.6 Short Blades
 + Level 0.3 Armour
 + Level 2.0 Dodging
 + Level 2.0 Stealth
 + Level 3.1 Spellcasting
 + Level 1.4 Conjurations
 - Level 1.0 Summonings
 + Level 1.2 Translocations


You had 7 spell levels left.
You knew the following spells:

 Your Spells              Type           Power      Damage    Failure   Level
a - Magic Dart            Conj           24%        1d4       11%         1

Your spell library contained the following spells:

 Spells                   Type           Power      Damage    Failure   Level
 Blink                    Tloc           12%        N/A       19%         2
 Slow                     Hex            8%         N/A       21%         1
 Call Imp                 Summ           5%         N/A       21%         2
 Conjure Flame            Conj/Fire      4%         6-21      41%         3
 Mephitic Cloud           Conj/Pois/Air  3%         N/A       45%         3


Dungeon Overview and Level Annotations

Branches:
Dungeon (2/15)

Altars:


Innate Abilities, Weirdness & Mutations

A meltable shield of frost defends you. (SH +4)


Message History

You block the adder's attack. The kobold completely misses you.
You hit the adder.
The adder is heavily wounded.
The adder bites you. The kobold hits you with a +0 whip.
You hit the adder but do no damage.
The adder is heavily wounded.
The adder barely misses you. The adder bites you.
You block the kobold's attack.
Unknown command.
You hit the adder but do no damage.
The adder is heavily wounded.
The adder barely misses you.
You hit the adder but do no damage. You punch the adder, but do no damage.
The adder is heavily wounded.
The kobold barely misses you. The adder bites you.
* * * LOW HITPOINT WARNING * * *
You miss the adder.
The adder is heavily wounded.
You block the adder's attack. The kobold hits you with a +0 whip.
* * * LOW HITPOINT WARNING * * *
Unknown command.
The adder bites you but does no damage.
You barely miss the adder.
The adder is heavily wounded.
The adder bites you.
* * * LOW HITPOINT WARNING * * *
You barely miss the adder.
The adder is heavily wounded.
You block the adder's attack.
Unknown command.
Okay, then.
You feel better. The adder bites you.
You are poisoned.
The adder poisons you! The adder bites you.
* * * LOW HITPOINT WARNING * * *
You hit the adder.
The adder is severely wounded.
* * * LOW HITPOINT WARNING * * *
You feel sick. The adder bites you.
You die...

#........#
#........#
#........#
........#
......#
#....####...
#.K.........
###S##.##....
##..@.........
##.............
#...........>..
#..............
#..............
#..............
#..............
##..$.....$....
##.....?......


You could see an adder and a kobold.

Vanquished Creatures
  2 ball pythons
  4 bats (D:1)
  2 endoplasms (D:1)
  2 giant cockroaches (D:1)
  A goblin (D:1)
  A hobgoblin (D:1)
  4 kobolds
  5 quokkas (D:1)
  2 rats (D:1)
23 creatures vanquished.

Notes
Turn   | Place    | Note
-------+----------+-------------------------------------------
     0 | D:1      | Sin92 the Demonspawn Hedge Wizard began the quest for the
                  | Orb.
     0 | D:1      | Reached XP level 1. HP: 13/13 MP: 4/4
   231 | D:1      | Reached skill level 1 in Translocations
   558 | D:1      | Gained mutation: A meltable shield of frost defends you.
                  | (SH +4) [demonic ancestry]
   558 | D:1      | Reached XP level 2. HP: 20/20 MP: 1/6
  1471 | D:1      | Found a faded altar of an unknown god.
  1644 | D:2      | Reached XP level 3. HP: 17/25 MP: 2/7
  1653 | D:2      | HP: 1/25 [adder (2)]
  1656 | D:2      | Slain by an adder

Illustrated notes

Levels and vault maps discovered:
D:1:      evilmike_arrival_crescent, layout_loops_ring, basic_ecumenical_altar,
          st_stairs_12, dk_noncrumbling_3
D:2:      layout_rooms, uniq_sigmund, uniq_jessica, uniq_crazy_yiuf_cottage

Skill      XL: |  1  2 |
---------------+-------+-----
Translocations | 1 |  1.2
Stealth        | 2 |  2.0
Dodging        | 2 |  2.0
Fighting       | |  0.6
Short Blades   | |  0.6
Armour         | |  0.3
Spellcasting   | |  3.1
Conjurations   | |  1.4
Summonings     | |  1.0

Action                   || total
-------------------------++-------
Melee: Dagger            ||    56
       Punch             ||     2
 Cast: Magic Dart        ||    39
  Use: Scroll            ||     2
       Potion            ||     1
 Stab: Sleeping          ||     1
Armor: Robe              ||    16
Dodge: Dodged            ||    41
Block: Other             ||     8
